 Dungeon Crawl Stone Soup version 0.12.2-22-g286eab9 (webtiles) character file.

179 Gabry the Covered (level 4, 0/39 HPs)
             Began as a Minotaur Fighter on Aug 27, 2013.
             Slain by a gnoll
             ... wielding a +2,+0 spear of venom
              (4 damage)
             ... on Level 2 of the Dungeon.
             The game lasted 00:05:43 (1160 turns).

Gabry the Covered (Minotaur Fighter)                Turns: 1160, Time: 00:05:43

HP   0/39        AC  7     Str 22      XL: 4   Next:  9%
MP   1/1         EV  6     Int  5      God:
Gold 105         SH 19     Dex  9      Spells:  0 memorised,  3 levels left

Res.Fire  : . . .   See Invis. : .   n - +0 mace
Res.Cold  : . . .   Warding    : .   b - +0 scale mail
Life Prot.: . . .   Conserve   : .   c - +0 shield
Res.Poison: .       Res.Corr.  : .   (helmet restricted)
Res.Elec. : .       Clarity    : .   (no cloak)
Sust.Abil.: + .     Spirit.Shd : .   (no gloves)
Res.Mut.  : .       Stasis     : .   (no boots)
Res.Rott. : .       Ctrl.Telep.: .   (no amulet)
Saprovore : . . .   Flight     : .   (no ring)
                                     o - ring of sustain abilities {unknown}

@: very poisoned, slightly resistant to hostile enchantments, extremely
unstealthy
A: retaliatory headbutt, horns 2
a: no special abilities


You were on level 2 of the Dungeon.
You were full.

You visited 1 branch of the dungeon, and saw 2 of its levels.

You collected 85 gold pieces.

Inventory:

Hand weapons
 a - a +0,+0 mace
 e - a +0,+1 dwarven dagger (quivered)
 n - a +0,+0 mace (weapon)
Armour
 b - a +0 scale mail (worn)
 c - a +0 shield (worn)
Comestibles
 d - 2 bread rations
 j - a meat ration
Scrolls
 h - 2 scrolls of teleportation {unknown}
 l - 3 scrolls of identify {unknown}
 p - 3 scrolls of enchant weapon II {unknown}
Jewellery
 o - a ring of sustain abilities (left hand) {unknown}
Potions
 f - a potion of heal wounds {unknown}
 g - a potion of restore abilities {unknown}
 i - 3 potions of curing
 k - a potion of degeneration {unknown}
 m - a potion of invisibility {unknown}
 q - a potion of flight {unknown}


   Skills:
 + Level 3.9 Fighting
 + Level 2.9 Maces & Flails
 + Level 4.6 Armour
 + Level 1.5 Dodging
 + Level 4.2 Shields


You had 3 spell levels left.
You didn't know any spells.

Dungeon Overview and Level Annotations

Branches:
Dungeon (2/27)

Altars:


Innate Abilities, Weirdness & Mutations

You reflexively headbutt those who attack you in melee.
You have a pair of horns on your head.


Message History

You are more poisoned.
You hit the gnoll. Your headbutt misses the gnoll.
The gnoll is almost dead.
You feel sick. The gnoll barely misses you.
The gnoll hits you but does no damage.
You are more poisoned.
You hit the gnoll.
You headbutt the gnoll, but do no damage.
The gnoll is almost dead.
You feel sick. The gnoll hits you with a halberd!
* * * LOW HITPOINT WARNING * * *
You block the gnoll's attack.
You hit the gnoll.
You kill the gnoll!
You have reached level 4!
You feel stronger.
* * * LOW HITPOINT WARNING * * *
You feel sick.
The gnoll hits you with a spear of venom.
You die...

#...)..........####
#...................
#..........%........
#..............#####
######.....<...#######
## #(..((..........#
#. #...............#
#. #.g)............#
#. ###@.#..........#
#. #..#..........# #.
#..#..........# #.
#..#..........###.
#..#......>....(..
#..#.......###....
#..#.#...#.# #....
#..#.#...#.# #....
#..#.#...#.# #....


You could see a gnoll.

Vanquished Creatures
  2 gnolls (D:2)
  A worm (D:2)
  2 giant geckos
  An ooze (D:1)
  A giant cockroach (D:2)
  7 goblins
  6 hobgoblins
  8 jackals (D:2)
  2 ball pythons (D:2)
  4 bats
  3 giant newts
  3 kobolds
  2 rats (D:2)
42 creatures vanquished.

Notes
Turn   | Place    | Note
--------------------------------------------------------------
     0 | D:1      | Gabry, the Minotaur Fighter, began the quest for the Orb.
     0 | D:1      | Reached XP level 1. HP: 19/19 MP: 0/0
   255 | D:1      | Reached XP level 2. HP: 21/26 MP: 0/0
   509 | D:1      | Reached skill level 4 in Armour
   911 | D:2      | Reached XP level 3. HP: 33/33 MP: 1/1
  1083 | D:2      | Reached skill level 1 in Dodging
  1160 | D:2      | Reached XP level 4. HP: 5/39 MP: 1/1
  1160 | D:2      | Slain by a gnoll

Action                   |  1- 3 |  4- 6 || total
-------------------------+-------+-------++-------
Melee: Mace              |   120 |       ||   120
  Use: Potion            |     1 |       ||     1
